 Dungeon Crawl Stone Soup version 0.21.0-25-ge575cb9 (webtiles) character file.

18090 sankara the Martial Artist (level 12, -2/157 HPs)
             Began as a White Draconian Transmuter on Jan 22, 2018.
             Was a Priest of Ru.
             Slain by a swamp worm (12 damage)
             ... on level 1 of the Lair of Beasts.
             The game lasted 01:04:38 (14277 turns).

sankara the Martial Artist (DrTm)                  Turns: 14277, Time: 01:04:39

Health: -2/157     AC: 32    Str: 15 (17) XL:     12   Next: 24%
Magic:  18/18      EV:  2    Int: 11 (14) God:    Ru [***...]
Gold:   640        SH:  5    Dex: 16 (17) Spells: 4/19 levels left

rFire    . . .     SeeInvis .     - Unarmed
rCold    . . .     Gourm    +   k - +0 buckler
rNeg     + + +     Faith    .   (armour unavailable)
rPois    +         Spirit   .   (helmet currently unavailable)
rElec    .         Reflect  .   (cloak currently unavailable)
rCorr    .         Harm     .   (gloves currently unavailable)
MR       .....     NoTele   +   (boots currently unavailable)
Stlth    +.........             C - amulet "Sidoti" {Gourm Str+5 Slay+2}
HPRegen  0.36/turn              T - +4 ring of slaying
MPRegen  0.16/turn              N - +6 ring of protection

@: tree-form
A: (breathe frost), unfitting armour, inability to use devices, hated by all, AC
+8
a: Draw Out Power, Renounce Religion


You were on level 1 of the Lair of Beasts.
You worshipped Ru.
Ru was most pleased with you.
You were very full.
You were a tree.
You visited 2 branches of the dungeon, and saw 12 of its levels.

You collected 640 gold pieces.

Inventory:

Hand Weapons
 f - the +10 quarterstaff of Overwhelming Force {freeze, rPois rN+ MR++ Stlth-}
   (You found it on level 10 of the Dungeon)

   It has been specially enchanted to freeze those struck by it, causing extra
   injury to most foes and up to half again as much damage against particularly
   susceptible opponents.
   It can also slow down cold-blooded creatures.
   It protects you from poison.
   It protects you from negative energy.
   It affects your resistance to hostile enchantments.
   It makes you less stealthy.
 u - a +2 dagger of venom
 w - a +0 short sword of draining
 y - a +0 blowgun
Missiles
 a - 156 arrows
 M - 23 poisoned needles
Armour
 k - a +0 buckler (worn)
 r - a +0 cloak (melded)
 Q - a +2 pair of gloves (melded)
 S - a +2 pair of boots (melded)
 W - a +1 hat (melded)
Jewellery
 e - an uncursed ring of see invisible
 j - a +3 ring of evasion
 C - the amulet "Sidoti" (around neck) {Gourm Str+5 Slay+2}
   (You found it on level 5 of the Dungeon)

   [amulet of the gourmand]

   It allows you to eat raw meat even when not hungry.
   It affects your strength (+5).
   It affects your accuracy and damage with ranged weapons and melee attacks
   (+2).
 E - an uncursed ring of flight
 N - a +6 ring of protection (right branch)
 T - a +4 ring of slaying (left branch)
Wands
 p - a wand of scattershot (6)
 x - a wand of iceblast (12)
 A - a wand of disintegration (10)
 H - a wand of paralysis (16)
 L - a wand of flame (52)
Scrolls
 d - 17 scrolls of identify
 h - 2 scrolls of immolation
 i - 5 scrolls of teleportation
 m - 3 scrolls of fog
 o - a scroll of blinking
 v - 4 scrolls of remove curse
 I - a scroll of magic mapping
 U - a scroll of fear
Potions
 g - a potion of invisibility
 l - 2 potions of brilliance
 q - 2 potions of degeneration
 s - 2 potions of might {unknown}
 t - 2 potions of curing
 z - a potion of haste {unknown}
 D - 2 potions of lignification
 G - 2 potions of mutation {unknown}
 J - a potion of flight {unknown}
 K - 3 potions of cancellation {unknown}
 O - a potion of berserk rage {unknown}
 R - 2 potions of agility {unknown}
Books
 b - a book of Changes

   Spells                             Type                      Level
   a - Beastly Appendage              Transmutation                1
   b - Sticks to Snakes               Transmutation                2
   c - Spider Form                    Transmutation/Poison         3
   d - Ice Form                       Ice/Transmutation            4
   e - Blade Hands                    Transmutation                5
 F - a book of Necromancy

   Spells                             Type                      Level
   a - Pain                           Necromancy                   1
   b - Animate Skeleton               Necromancy                   1
   c - Vampiric Draining              Necromancy                   3
   d - Regeneration                   Charms/Necromancy            3
   e - Animate Dead                   Necromancy                   4
   f - Borgnjor's Vile Clutch         Necromancy/Earth             5
 V - a book of the Earth

   Spells                             Type                      Level
   a - Leda's Liquefaction            Hexes/Earth                  4
   b - Bolt of Magma                  Conjuration/Fire/Earth       5
   c - Statue Form                    Transmutation/Earth          6
   d - Iron Shot                      Conjuration/Earth            6
   e - Shatter                        Earth                        9
Comestibles
 c - 24 rations


   Skills:
 + Level 9.4 Fighting
 + Level 7.6 Dodging
 - Level 3.0 Shields
 * Level 12.3 Unarmed Combat
 + Level 4.4 Spellcasting
 + Level 8.7 Transmutations
 - Level 5.3 Ice Magic
 - Level 2.3 Poison Magic


You had 4 spell levels left.
You knew the following spells:

 Your Spells              Type           Power        Failure   Level  Hunger
a - Beastly Appendage     Tmut           ###...       1%          1    #......
b - Sticks to Snakes      Tmut           ###.....     1%          2    ##.....
c - Spider Form           Tmut/Pois      ##........   8%          3    ###....
d - Ice Form              Ice/Tmut       ###.....     14%         4    #####..
e - Blade Hands           Tmut           ###.......   19%         5    ######.


Dungeon Overview and Level Annotations

Branches:
Dungeon (11/15)            Temple (0/1) D:5            Lair (1/6) D:11
    Orc (0/2) D:9

Altars:
Dithmenos
Hepliaklqana
Nemelex Xobeh
Okawaru
Ru
Trog
Vehumet
The Shining One
Beogh


Innate Abilities, Weirdness & Mutations

((You can breathe waves of freezing cold.))
((You can buffet flying creatures when you breathe cold.))
((Your icy white scales are hard. (AC +8)))
You cannot fit into any form of body armour.
((Your flesh is cold resistant. (rC+)))
((You are cold-blooded and may be slowed by cold attacks.))
You cannot study or use magical devices.
You are hated by all.


Message History

The swamp worm bites you!
* * * LOW HITPOINT WARNING * * *
The swamp worm bites you.
* * * LOW HITPOINT WARNING * * *
Your transformation has ended.
Your +0 cloak unmelds from your body.
Your +1 hat unmelds from your body.
Your +2 pair of gloves unmelds from your body.
Your +2 pair of boots unmelds from your body.
Your +0 buckler unmelds from your body.
It was a potion of degeneration.
There was something very wrong with that liquid.
You feel weakened.
You feel dopey.
You feel clumsy. You block the swamp worm's attack.
The swamp worm bites you but does no damage.
It was a potion of lignification.
You turn into a tree.
Your +0 cloak melds into your body.
Your +1 hat melds into your body.
Your +2 pair of gloves melds into your body.
Your +2 pair of boots melds into your body.
Your roots penetrate the ground.
The swamp worm bites you!
You die...

#....##........###........##...P#
#.....#.....###.##.≈≈≈≈≈≈≈##...##
+.......#.8.#...#≈≈≈≈≈≈≈≈≈≈≈...##
#..#....#.#+#...≈≈≈#######≈≈≈..##
................≈≈P#≈≈≈≈≈##≈≈..##
...#...#...#..[.≈≈P≈≈≈≈%≈%#≈≈.†..
................≈≈≈#≈≈≈≈≈##≈≈.}..
................≈w≈#######≈≈≈.<..
............./..♣≈≈≈≈≈≈≈≈≈≈≈.....
...................≈≈≈≈≈≈≈.......
....##########..[................
....# #..#..######........ ....#
########..........#(.....## ....#
#....##P..........#......#. ....#
#.....##..........#......#. ....#
#....###..#................ ....#
#....##...........#......+.


You could see a swamp worm.

Vanquished Creatures
  A hydra (Lair:1)
  2 two-headed ogres (D:10)
  An unseen horror (D:10)
  The ghost of crawlian the Arsonist, a novice DEFE of Vehumet (D:8)
  A centaur zombie (D:10)
  2 spiny frogs (Lair:1)
  2 komodo dragons
  2 trolls
  A hornet (D:11)
  Prince Ribbit (D:5)
  2 hippogriffs
  2 wyverns
  A human (D:9)
  27 yaks
  4 hogs (D:9)
  A basilisk (Lair:1)
  Grum (D:9)
  A hungry ghost (D:7)
  2 swamp worms (Lair:1)
  4 porcupines (Lair:1)
  10 orc warriors
  Duvessa (D:4)
  4 ice beasts
  A black bear (D:7)
  2 necrophages (D:10)
  The ghost of mrmercer the Skirmisher, an amateur DrBe of Trog (D:3)
  12 ogres
  3 centaurs
  3 crocodiles
  A big kobold (D:8)
  6 bullfrogs
  4 gnoll sergeants (D:9)
  Dowan (D:4)
  5 scorpions
  8 howler monkeys
  8 crimson imps
  A jelly (D:10)
  Crazy Yiuf (D:2)
  16 hounds
  7 orc priests
  2 bullfrog skeletons
  Jessica (D:2)
  2 gnoll shamans (D:9)
  2 iguanas
  12 orc wizards
  Ijyb (D:4)
  4 worker ants
  2 hound skeletons (D:10)
  A howler monkey zombie (D:7)
  19 gnolls
  5 adders
  4 shadow imps
  2 oozes
  3 adder zombies
  2 adder skeletons (D:8)
  18 worms
  A dart slug (D:3)
  3 leopard geckos
  57 orcs
  A ball python (D:2)
  A bat zombie (D:2)
  3 giant cockroaches
  4 goblins
  6 hobgoblins
  8 jackals
  12 kobolds
  4 quokkas
  3 bats
  3 frilled lizards
  A leopard gecko skeleton (D:9)
  A leopard gecko zombie (D:2)
  4 rats
  A fungus (D:2)
347 creatures vanquished.

Vanquished Creatures (others)
  A yak (Lair:1)
  3 fungi (Lair:1)
  3 plants (Lair:1)
7 creatures vanquished.

Grand Total: 354 creatures vanquished

Notes
Turn   | Place    | Note
-------+----------+-------------------------------------------
     0 | D:1      | sankara the Draconian Transmuter began the quest for the Orb.
     0 | D:1      | Reached XP level 1. HP: 16/16 MP: 3/3
   261 | D:1      | Reached XP level 2. HP: 23/23 MP: 3/5
   268 | D:1      | Learned a level 2 spell: Sticks to Snakes
   559 | D:1      | You fall through a shaft!
   559 | D:2      | Noticed Jessica
   911 | D:2      | Reached XP level 3. HP: 24/29 MP: 4/6
   918 | D:2      | Learned a level 3 spell: Spider Form
  1018 | D:2      | Found a runed door.
  1535 | D:2      | Killed Jessica
  1535 | D:2      | Reached skill level 1 in Shields
  1535 | D:2      | Reached skill level 4 in Unarmed Combat
  1535 | D:2      | Reached XP level 4. HP: 18/36 MP: 5/7
  2173 | D:2      | Found a sacrificial altar of Ru.
  2182 | D:2      | Became a worshipper of Ru the Awakened
  2353 | D:2      | Noticed Crazy Yiuf
  2361 | D:2      | Killed Crazy Yiuf
  2790 | D:3      | Noticed mrmercer's ghost (amateur DrBe)
  2834 | D:3      | Killed mrmercer's ghost
  2834 | D:3      | Reached skill level 1 in Poison Magic
  2834 | D:3      | Reached XP level 5. HP: 14/42 MP: 0/8
  3171 | D:3      | Reached XP level 6. HP: 17/50 MP: 5/9
  3781 | D:4      | Found a shadowy altar of Dithmenos.
  3789 | D:4      | Noticed Dowan
  3789 | D:4      | Reached skill level 5 in Unarmed Combat
  3795 | D:4      | Noticed Duvessa
  4191 | D:4      | Killed Duvessa
  4337 | D:4      | Noticed Ijyb
  4349 | D:4      | Killed Ijyb
  4349 | D:4      | Your scales start taking on an icy white colour.
  4349 | D:4      | Reached XP level 7. HP: 56/57 MP: 1/10
  4349 | D:4      | Gained mutation: Your flesh is cold resistant. (rC+) [White Draconian growth]
  4628 | D:4      | Killed Dowan
  4826 | D:4      | Learned a level 4 spell: Ice Form
  4950 | D:4      | Found a radiant altar of Vehumet.
  5114 | D:5      | Entered Level 5 of the Dungeon
  5136 | D:5      | Found an iron altar of Okawaru.
  5141 | D:5      | Found a staircase to the Ecumenical Temple.
  5214 | D:5      | Found a bloodstained altar of Trog.
  5411 | D:5      | Reached skill level 1 in Ice Magic
  5580 | D:5      | Got a bound ruby amulet
  5581 | D:5      | Identified the amulet "Sidoti" {Gourm Str+5 Slay+2} (You found it on level 5 of the Dungeon)
  5628 | D:5      | Noticed Prince Ribbit
  5636 | D:5      | Killed Prince Ribbit
  5636 | D:5      | Reached skill level 6 in Unarmed Combat
  5730 | D:5      | Found a runed door.
  5924 | D:5      | Reached XP level 8. HP: 66/66 MP: 6/11
  6217 | D:5      | Got an iridescent quarterstaff {flame}
  6220 | D:5      | Found a roughly hewn altar of Beogh.
  6229 | D:5      | Identified the +5 quarterstaff "Akuhal" {flame, Fragile +Rage rElec Dex+4} (You took it off an orc on level 5 of the Dungeon)
  6458 | D:6      | Reached skill level 7 in Unarmed Combat
  7060 | D:6      | Reached skill level 5 in Fighting
  7506 | D:7      | Reached skill level 5 in Transmutations
  7506 | D:7      | Reached XP level 9. HP: 61/74 MP: 10/12
  7843 | D:7      | Found a sparkling altar of Nemelex Xobeh.
  7843 | D:7      | Found a hazy altar of Hepliaklqana.
  7845 | D:7      | Found a glowing golden altar of the Shining One.
  7848 | D:7      | Found a sacrificial altar of Ru.
  7981 | D:7      | Reached skill level 8 in Unarmed Combat
  8491 | D:8      | Noticed crawlian's ghost (novice DEFE)
  8504 | D:8      | Killed crawlian's ghost
  8504 | D:8      | Reached skill level 5 in Ice Magic
  8644 | D:8      | Reached skill level 9 in Unarmed Combat
  8821 | D:8      | Reached XP level 10. HP: 84/84 MP: 4/13
  8825 | D:8      | Reached skill level 5 in Dodging
  9454 | D:9      | Found a staircase to the Orcish Mines.
  9486 | D:9      | HP: 3/84 [troll (12)]
 10166 | D:9      | Noticed Grum
 10168 | D:9      | Reached skill level 10 in Unarmed Combat
 10186 | D:9      | Killed Grum
 10600 | D:9      | Gained mutation: You cannot study or use magical devices. [Ru sacrifice]
 10600 | D:9      | Reached * piety under Ru
 10600 | D:9      | Reached ** piety under Ru
 11037 | D:9      | Reached XP level 11. HP: 94/94 MP: 14/14
 11543 | D:10     | Entered Level 10 of the Dungeon
 11654 | D:10     | Noticed a two-headed ogre
 11661 | D:10     | Killed a two-headed ogre
 11661 | D:10     | Reached skill level 11 in Unarmed Combat
 11876 | D:10     | Noticed an unseen horror
 11894 | D:10     | Killed an unseen horror
 12011 | D:10     | Noticed a two-headed ogre
 12017 | D:10     | Killed a two-headed ogre
 12185 | D:10     | Got a crystal quarterstaff
 12186 | D:10     | Identified the +10 quarterstaff of Overwhelming Force {freeze, rPois rN+ MR++ Stlth-} (You found it on level 10 of the Dungeon)
 12444 | D:11     | Learned a level 5 spell: Blade Hands
 12451 | D:11     | Gained mutation: You are hated by all. [Ru sacrifice]
 12451 | D:11     | Reached *** piety under Ru
 12526 | D:11     | Found a staircase to the Lair.
 12538 | Lair:1   | Entered Level 1 of the Lair of Beasts
 12905 | Lair:1   | Reached skill level 12 in Unarmed Combat
 13140 | Lair:1   | Reached XP level 12. HP: 104/104 MP: 11/18
 13222 | Lair:1   | Noticed an eight-headed hydra
 13445 | Lair:1   | Killed an eight-headed hydra
 14277 | Lair:1   | Slain by a swamp worm

Skill      XL: |  1  2  3  4  5  6  7  8  9 10 11 |
---------------+----------------------------------+-----
Fighting       | 2 3 4 5 6 7 9 |  9.4
Shields        | 1 2 3 |  3.0
Unarmed Combat | 4 5 6 7 9 10 12 | 12.3
Transmutations | 3 4 5 6 7 8 |  8.7
Poison Magic   | 1 2 |  2.3
Dodging        | 2 3 4 6 7 |  7.6
Ice Magic      | 2 4 5 |  5.3
Spellcasting   | 4 |  4.4

Action                   |  1- 3 |  4- 6 |  7- 9 | 10-12 || total
-------------------------+-------+-------+-------+-------++-------
Melee: Unarmed           |   112 |   185 |   316 |   548 ||  1161
       Kick              |     2 |       |       |       ||     2
       Headbutt          |    12 |    11 |    18 |     4 ||    45
       Tailslap          |     9 |    11 |    11 |    16 ||    47
       Punch             |       |       |       |     5 ||     5
 Cast: Beastly Appendage |    19 |    18 |    15 |     4 ||    56
       Spider Form       |       |     7 |    34 |    46 ||    87
       Ice Form          |       |       |     3 |     4 ||     7
       Blade Hands       |       |       |       |     8 ||     8
Invok: Reject Sacrifices |       |       |     1 |       ||     1
       Sacrifice Artific |       |       |       |     1 ||     1
       Sacrifice Love    |       |       |       |     1 ||     1
  Use: Potion            |       |     3 |     5 |     5 ||    13
       Scroll            |       |       |     2 |    11 ||    13
 Stab: Sleeping          |     1 |     1 |     2 |       ||     4
       Invisible         |       |     2 |       |     1 ||     3
  Eat: Ration            |     1 |     1 |     2 |       ||     4
       Chunk             |       |     7 |    34 |    29 ||    70
Armor: Skin              |    15 |    51 |    33 |    65 ||   164
Dodge: Dodged            |    52 |   122 |   225 |   515 ||   914
Block: Buckler           |    10 |    21 |    23 |     6 ||    60
